 Dungeon Crawl Stone Soup version 0.31.0-9-g3a7656b989 (webtiles) character file.

Game seed: 15373684531511236799

348 qw the Skirmisher (level 6, -1/35 HPs)
             Began as a Deep Elf Hunter on Feb 2, 2024.
             Slain by an orc
             ... wielding a +0 hand axe
              (4 damage)
             ... on level 5 of the Dungeon.
             The game lasted 00:00:12 (3018 turns).

qw the Skirmisher (Deep Elf Hunter)                 Turns: 3018, Time: 00:00:13

Health: -1/35      AC:  8    Str: 10    XL:     6   Next: 33%
Magic:  23/23      EV: 11    Int: 14    God:
Gold:   248        SH:  0    Dex: 18    Spells: 5/5 levels left

rFire   . . .        a - +0 shortbow
rCold   . . .        (shield currently unavailable)
rNeg    . . .        e - +0 ring mail
rPois   .            (no helmet)
rElec   .            (no cloak)
rCorr   .            j - +2 pair of gloves
SInv    .            (no boots)
Will    .....        g
                       - Hermit's Pendant {Faith Invo=14 Evo=0 MP+5}
Stlth   +            (no ring)
HPRegen 0.25/turn    (no ring)
MPRegen 0.18/turn

%: faith
@: no status effects
A: no striking features
a: no special abilities


You were on level 5 of the Dungeon.
You visited 1 branch of the dungeon, and saw 5 of its levels.

You collected 248 gold pieces.


   Skills:
 - Level 2.0 Fighting
 + Level 9.9 Ranged Weapons
 - Level 2.4 Dodging
 - Level 1.2 Stealth


You had 5 spell levels left.
You didn't know any spells.
Your spell library was empty.

Inventory:

Hand Weapons
 a - a +0 shortbow (weapon)
Armour
 e - a +0 ring mail (worn)
 j - a +2 pair of gloves (worn)
Jewellery
 b - a ring of fire
 g - the Hermit's Pendant (around neck) {Faith Invo=14 Evo=0 MP+5}
   (You found it on level 2 of the Dungeon)

   [amulet of faith]

   Invo=14: It sets your Invocations skill to 14.
   Evo=0: It sets your Evocations skill to 0.
   Faith:     It allows you to gain divine favour quickly.
   MP+5:      It affects your magic capacity (+5).
Potions
 c - 3 potions of curing

Dungeon Overview and Level Annotations

Branches:
Dungeon (5/15)
 Temple: D:4-7

Altars:
Nemelex Xobeh
Vehumet
Yredelemnul

Shops:
D:3 [


Message History

You shoot an arrow.
The arrow closely misses the orc priest.
The orc priest hits you with a +0 whip. The orc barely misses you.
The adder barely misses you.
You shoot an arrow.
The arrow closely misses the orc priest.
The orc hits you but does no damage. The orc priest hits you with a +0 whip.
The adder closely misses you.
You shoot an arrow.
The arrow closely misses the orc priest.
The adder completely misses you. The orc hits you with a +0 hand axe.
The orc priest hits you but does no damage.
The adder bites you but does no damage.
You shoot an arrow. The arrow hits the orc priest.
The orc priest is moderately wounded.
The orc priest mumbles some strange prayers to Beogh against you.
Pain shoots through your body! The orc hits you with a +0 hand axe.
The adder bites you.
You are poisoned.
The adder poisons you!
You shoot an arrow. The arrow barely misses the orc priest.
You feel sick. The orc priest barely misses you. The orc barely misses you.
The adder barely misses you.
The orc priest looks satisfied for a moment.
The orc barely misses you.
You shoot an arrow. The arrow hits the orc priest.
The orc priest is severely wounded.
You feel sick. The adder misses you. The adder bites you.
The orc hits you with a +0 hand axe. The orc priest closely misses you.
You shoot an arrow. The arrow hits the orc priest!
You kill the orc priest!
You feel sick.
You are no longer poisoned.
The adder barely misses you. The orc hits you with a +0 hand axe.
You shoot an arrow. The arrow barely misses the adder.
The adder misses you. The orc closely misses you. x2
The adder bites you but does no damage.
You shoot an arrow. The arrow closely misses the adder.
The orc hits you with a +0 hand axe.
You die...

#.# #.# ########.#
#.# .......#.# #.#
.......#.# #.#
.......#.# #.#
.......#.# #.#
.......#.#####.#
......o#.....#.#
......S@...#.#.#
......o#....!..#
.......#.#.#.### .
....)..#.#.#.#####...
...#.................
.........#...........
.............########
.............###
.>.......###........#


You could see an adder and 2 orcs.

Vanquished Creatures
  A black bear (D:4)
  A hound (D:4)
  An orc priest (D:5)
  An iguana (D:5)
  4 adders
  5 gnolls
  2 dart slugs
  2 ribbon worms
  5 orcs
  10 ball pythons
  3 bats (D:1)
  4 endoplasms
  6 giant cockroaches
  7 goblins
  7 hobgoblins
  9 kobolds
  4 quokkas
  4 frilled lizards
  4 rats
80 creatures vanquished.

Notes
Turn   | Place    | Note
-------+----------+-------------------------------------------
     0 | D:1      | qw the Deep Elf Hunter began the quest for the Orb.
     0 | D:1      | Reached XP level 1. HP: 12/12 MP: 3/3
     0 | D:1      | 0 ||| qw: Version: 0.3-a-155-g5e7d8dd
     0 | D:1      | 0 ||| qw: Game counter: 1369
     0 | D:1      | 0 ||| qw: Melee chars always use a shield: true
     0 | D:1      | 0 ||| qw: God list: Okawaru
     0 | D:1      | 0 ||| qw: Allow faded altars: false
     0 | D:1      | 0 ||| qw: Do Orc after clearing Dungeon:15 true
     0 | D:1      | 0 ||| qw: Do second Lair branch before Depths: true
     0 | D:1      | 0 ||| qw: Lair rune preference: random
     0 | D:1      | 0 ||| qw: Goals: Normal
     0 | D:1      | 0 ||| PLANNING D:1-11
    34 | D:1      | Reached skill level 6 in Ranged Weapons
    34 | D:1      | Reached XP level 2. HP: 16/16 MP: 4/4
   196 | D:1      | Reached XP level 3. HP: 20/20 MP: 5/5
   289 | D:1      | Reached skill level 7 in Ranged Weapons
   432 | D:1      | 432 ||| UPGRADING to +0 ring mail.
   442 | D:1      | 442 ||| DROPPING +0 leather armour.
   443 | D:1      | 443 ||| UPGRADING to +0 pair of gloves.
   448 | D:1      | 448 ||| READING scroll labelled AHOCKU JIU.
   452 | D:1      | 452 ||| READING 2 scrolls labelled QEULAAG ONYBE.
   452 | D:1      | 452 ||| IDENTIFYING glowing orange potion
   453 | D:1      | 453 ||| READING scroll of identify.
   453 | D:1      | 453 ||| IDENTIFYING 2 viscous coppery potions
   454 | D:1      | 454 ||| READING scroll labelled LETROR JIOFF.
   455 | D:1      | 455 ||| READING 2 scrolls labelled ASKAGI HYMAGUJ.
   455 | D:1      | 455 ||| ENCHANTING +0 pair of gloves.
   456 | D:1      | 456 ||| READING scroll of enchant armour.
   456 | D:1      | 456 ||| ENCHANTING +1 pair of gloves.
   457 | D:1      | 457 ||| DROPPING scroll of butterflies.
   458 | D:1      | 458 ||| DROPPING 2 potions of degeneration.
   650 | D:2      | Found the Hermit's Pendant {Faith Invo=14 Evo=0 MP+5}
   723 | D:2      | Reached XP level 4. HP: 20/25 MP: 6/6
  1049 | D:2      | 1049 ||| UPGRADING to Hermit's Pendant {Faith Invo=14 Evo=0
                  | MP+5}.
  1137 | D:2      | 1137 ||| READING scroll of identify.
  1137 | D:2      | 1137 ||| IDENTIFYING 3 smoky purple potions
  1138 | D:2      | 1138 ||| READING scroll labelled YLLI DE RUAGGA.
  1139 | D:2      | 1139 ||| READING scroll labelled UNO ZOIPODAOD.
  1381 | D:3      | Found a radiant altar of Vehumet.
  1445 | D:3      | Found Ykla's Antique Armour Shop.
  1453 | D:3      | 1453 ||| SHOPLISTING embroidered cloak (195 gold, have
                  | 110).
  1453 | D:3      | 1453 ||| SHOPLISTING helmet (117 gold, have 110).
  1453 | D:3      | 1453 ||| SHOPLISTING pair of crude boots (247 gold, have
                  | 110).
  1572 | D:3      | Found a faded altar of an unknown god.
  1620 | D:3      | Reached skill level 8 in Ranged Weapons
  1633 | D:3      | HP: 5/25 [gnoll/+0 spear (4)]
  1634 | D:3      | 1634 ||| READING scroll of teleportation.
  1636 | D:3      | HP: 1/25 [gnoll/+0 spear (2)]
  1804 | D:3      | Reached XP level 5. HP: 24/29 MP: 16/16
  2218 | D:4      | Found a sparkling altar of Nemelex Xobeh.
  2286 | D:4      | Found a basalt altar of Yredelemnul.
  2309 | D:4      | Noticed a black bear
  2310 | D:4      | 2310 ||| DRINKING potion of haste.
  2318 | D:4      | Killed a black bear
  2319 | D:4      | Reached skill level 9 in Ranged Weapons
  2502 | D:4      | Reached XP level 6. HP: 27/35 MP: 18/18
  2722 | D:4      | 2722 ||| DROPPING ring of magical power.
  2723 | D:4      | 2723 ||| READING scroll of identify.
  2723 | D:4      | 2723 ||| IDENTIFYING coppery potion
  2724 | D:4      | 2724 ||| READING 4 scrolls labelled LEPUAF XEORCH.
  2725 | D:4      | 2725 ||| READING scroll labelled XAPOG FEXZUSH.
  2726 | D:4      | 2726 ||| DROPPING potion of lignification.
  2727 | D:4      | 2727 ||| DROPPING 3 scrolls of noise.
  2764 | D:5      | Entered Level 5 of the Dungeon
  2774 | D:5      | HP: 7/35 [iguana (12)]
  2777 | D:5      | 2777 ||| STAIRDANCE
  3015 | D:5      | HP: 8/35 [adder (1)]
  3016 | D:5      | HP: 3/35 [orc/+0 hand axe (3)]
  3018 | D:5      | Slain by an orc

Levels and vault maps discovered:
D:1:      nzn_arrival_crosshair, layout_rooms, st_stairs_7
D:2:      layout_rooms, corexii_shack, kennysheep_potato
D:3:      layout_basic, vehumet_crystals,
          dreamdust_ecumenical_altar_hidden_monk_grotto, serial_shops,
          nicolae_shop_stone, minmay_tree_intersection
D:4:      layout_loops_ring, yredelemnul_altar_generic,
          nemelex_xobeh_ov_fountains_minmay, kennysheep_doodads,
          minmay_goblin_outpost
D:5:      layout_basic, grunt_temple_overflow_growth_and_decay,
          mainiacjoe_overflow_brackets

Skill      XL: |  1  2  3  4  5 |
---------------+----------------+-----
Ranged Weapons | 6 7 8 9 |  9.9
Fighting       | 2 |  2.0
Dodging        | |  2.4
Stealth        | |  1.2

Action                     |  1- 3 |  4- 6 || total
---------------------------+-------+-------++-------
   Fire: Shortbow          |    99 |   176 ||   275
    Use: Scroll            |     6 |     7 ||    13
         Potion            |       |     1 ||     1
 Armour: Leather armour    |     7 |       ||     7
         Ring mail         |    10 |    68 ||    78
  Dodge: Dodged            |    35 |    71 ||   106

Table legend:
 A = Non-vault XP
 B = Vault XP
 C = Vault XP percentage of total XP
 D = Non-vault monster count
 E = Vault monster count
 F = Vault count percentage of total count
                 A         B        C        D         E       F
            +---------+---------+-------+---------+---------+-------
      Total |     463 |      35 |   7.0 |      68 |      12 |  15.0
            +---------+---------+-------+---------+---------+-------
        D:1 |      46 |      17 |  27.0 |      25 |       3 |  10.7
        D:2 |      59 |       7 |  10.6 |      14 |       3 |  17.6
        D:3 |      81 |       0 |   0.0 |      16 |       0 |   0.0
        D:4 |     179 |      11 |   5.8 |       9 |       6 |  40.0
        D:5 |      98 |       0 |   0.0 |       4 |       0 |   0.0
            +---------+---------+-------+---------+---------+-------
